 Dungeon Crawl Stone Soup version 0.22-a0-879-g615c57abe7 (webtiles) character file.

13024 Rrauwl the Severer (level 12, -1/100 HPs)
             Began as a Hill Orc Monk on July 30, 2018.
             Was a Priest of Nemelex Xobeh.
             Slain by a spiny frog (16 damage)
             ... on level 2 of the Lair of Beasts.
             The game lasted 00:49:53 (13918 turns).

Rrauwl the Severer (Hill Orc Monk)                 Turns: 13918, Time: 00:49:54

Health: -1/100     AC: 19    Str: 24    XL:     12   Next: 1%
Magic:  17/17      EV:  7    Int: 10    God:    Nemelex Xobeh [***...]
Gold:   406        SH: 13    Dex: 14    Spells: 11/11 levels left

rFire    + . .     SeeInvis +   a - +0 war axe
rCold    + + .     Gourm    .   C - +1 large shield of Divine Intervention {rC+ SInv}
rNeg     . . .     Faith    .   g - +3 scale mail {rC+}
rPois    .         Spirit   .   (no helmet)
rElec    .         Reflect  .   M - +2 cloak
rCorr    .         Harm     .   F - +1 pair of gloves
MR       .....                  E - +2 pair of boots
Stlth    +.........             (no amulet)
HPRegen  0.26/turn              n - +6 ring of strength
MPRegen  0.15/turn              x - ring of protection from fire

@: lethally poisoned (-1 -> -17)
A: no striking features
a: Triple Draw, Renounce Religion


You were on level 2 of the Lair of Beasts.
You worshipped Nemelex Xobeh.
Nemelex Xobeh was most pleased with you.
You were not hungry.

You visited 3 branches of the dungeon, and saw 12 of its levels.

You collected 574 gold pieces.
You spent 168 gold pieces at shops.

Inventory:

Hand Weapons
 a - a +0 war axe (weapon)
 b - a +3 shortbow of velocity
 c - a +2 quarterstaff of chaos
Missiles
 f - 211 arrows
 L - a throwing net (quivered)
Armour
 g - a +3 scale mail of cold resistance (worn)
 m - a scarf of repulsion
 C - the +1 large shield of Divine Intervention (worn) {rC+ SInv}
   (You found it on level 8 of the Dungeon)

   It protects you from cold.
   It lets you see invisible.
 E - a +2 pair of boots (worn)
 F - a +1 pair of gloves (worn)
 M - a +2 cloak (worn)
Jewellery
 n - a +6 ring of strength (left hand)
 t - an uncursed ring of protection from cold
 x - a ring of protection from fire (right hand)
Wands
 k - a wand of acid (3)
 p - a wand of clouds (1)
 q - a wand of digging (5)
 v - a wand of iceblast (26)
 w - a wand of paralysis (13)
 y - a wand of polymorph (34)
 A - a wand of flame (23)
 D - a wand of enslavement (4)
Scrolls
 d - 4 scrolls of remove curse
 i - 10 scrolls of identify
 j - 6 scrolls of teleportation
 H - 2 scrolls of magic mapping
Potions
 h - a potion of heal wounds
 l - 4 potions of flight
 r - a potion of curing
 s - a potion of might
 B - a potion of cancellation
 J - a potion of haste
 K - a potion of agility
Miscellaneous
 o - an ornate deck of summoning {drawn: 3}
 u - an ornate deck of summoning
 z - a plain deck of escape {drawn: 2}
 I - a legendary deck of summoning
Comestibles
 e - 17 rations
 G - a chunk of flesh


   Skills:
 + Level 7.0 Fighting
 - Level 18.0 Axes
 + Level 3.7 Bows
 + Level 6.8 Armour
 + Level 3.6 Dodging
 - Level 2.0 Stealth
 + Level 7.0 Invocations
 + Level 3.9 Evocations


You had 11 spell levels left.
You didn't know any spells.
Your spell library contained the following spells:

 Spells                   Type           Power        Failure   Level  Hunger
 Throw Frost              Conj/Ice       #.....       100%        2    ###....
 Animate Dead             Necr           N/A          100%        4    #####..
 Pain                     Necr           #...         100%        1    ##.....
 Animate Skeleton         Necr           N/A          100%        1    ##.....
 Vampiric Draining        Necr           #.........   100%        3    ####...
 Freeze                   Ice            #...         100%        1    ##.....
 Summon Ice Beast         Ice/Summ       #.......     100%        4    #####..
 Ozocubu's Armour         Chrm/Ice       #.......     100%        3    ####...
 Regeneration             Chrm/Necr      #.........   100%        3    ####...
 Sublimation of Blood     Necr           #.........   100%        2    ###....
 Agony                    Necr           #.......     100%        5    ######.
 Throw Icicle             Conj/Ice       #.......     100%        4    #####..
 Ignite Poison            Fire/Tmut/Pois #.......     100%        3    ####...


Dungeon Overview and Level Annotations

Branches:
Dungeon (9/15)             Temple (1/1) D:7            Lair (2/6) D:9
  Swamp: Lair:2-4    Shoals: Lair:2-4     Snake: Lair:2-4    Spider: Lair:2-4
    Orc: D:9-12

Altars:
Ashenzari
Cheibriados
Dithmenos
Elyvilon
Fedhas
Gozag
Hepliaklqana
Kikubaaqudgha
Makhleb
Nemelex Xobeh
Okawaru
Qazlal
Ru
Sif Muna
Trog
Uskayaw
Vehumet
Wu Jian
Xom
Yredelemnul
Zin
The Shining One

Shops:
D:4 ***   D:9 *


Message History

Unknown command.
You closely miss the spiny frog.
The spiny frog is almost dead.
You feel sick. The spiny frog stings you!
* * * LOW HITPOINT WARNING * * *
Unknown command.
Unknown command.
Your shield prevents you from hitting the spiny frog.
The spiny frog is almost dead.
* * * LOW HITPOINT WARNING * * *
You feel sick. You block the spiny frog's attack.
Unknown command.
Unknown command.
Unknown command.
You hit the spiny frog but do no damage.
The spiny frog is almost dead.
* * * LOW HITPOINT WARNING * * *
You feel sick. The spiny frog stings you!
You die...
Your body glows with a rainbow of weird colours and disappears.

. ...... ....... .#
..<.....## ###
.####....#....## #.##
..##...#..#....#
#..## ...#.#
#.......###...#
.....#
#............#.F...
.....###..#.....#F#.#
##.
......#.......##@##.#
.............#.### ..
.............### #.#
.#.##........## ..
.####.#...##..# ...
.# ##.#..##..## ...#
###...#.#.# ..##
#....#### #.# #....P#


You could see a spiny frog.

Vanquished Creatures
  4 skeletal warriors (D:8)
  A black mamba (Lair:1)
  A spiny frog (Lair:2)
  A centaur skeleton (D:9)
  3 komodo dragons
  5 hornets
  3 hippogriffs
  3 yaks
  2 wyverns (Lair:2)
  3 water moccasins
  3 porcupines (Lair:2)
  2 black bears
  2 sky beasts (D:9)
  4 ice beasts
  5 ogres
  5 centaurs
  2 phantoms (D:8)
  2 crocodiles
  6 bullfrogs
  A water moccasin skeleton (D:7)
  A scorpion (D:7)
  5 killer bees (D:9)
  5 howler monkeys
  A bullfrog zombie (D:9)
  A crimson imp (D:8)
  A quasit (D:9)
  A bullfrog skeleton (D:8)
  6 orc priests
  2 jellies
  Crazy Yiuf (D:5)
  6 hounds
  Terence (D:2)
  3 iguanas
  13 orc wizards
  Natasha (twice) (D:3)
  6 hell rats (Lair:2)
  4 worker ants
  A hound zombie (D:7)
  A worker ant zombie (D:5)
  7 gnolls
  10 adders
  A howler monkey skeleton (D:4)
  2 shadow imps
  2 oozes (D:5)
  2 adder skeletons
  4 worms
  4 dart slugs
  4 leopard geckos
  32 orcs
  11 bats
  10 giant cockroaches
  9 goblins
  12 hobgoblins
  10 jackals
  16 kobolds
  3 quokkas
  3 ball pythons
  5 frilled lizards
  A jackal skeleton (D:4)
  8 rats
  A plant (D:9)
276 creatures vanquished.

Vanquished Creatures (collateral kills)
  A two-headed ogre (D:8)
  A skeletal warrior (D:8)
  An unseen horror (D:8)
  A deep elf mage (D:8)
  A cyclops (D:8)
  A manticore (D:8)
  A black mamba (Lair:2)
  A jumping spider (D:9)
  2 hippogriffs (Lair:2)
  3 yaks (D:9)
  A hungry ghost (D:8)
  A water moccasin (Lair:1)
  A black bear (D:9)
  An ice beast (D:8)
  An ogre (D:8)
  A big kobold (D:9)
  2 bullfrogs (D:8)
  A killer bee (D:8)
  A howler monkey (D:8)
  A hell rat (Lair:2)
  A worker ant zombie (D:8)
  2 kobolds (D:9)
27 creatures vanquished.

Vanquished Creatures (others)
  2 fungi (Lair:2)
  5 plants
7 creatures vanquished.

Grand Total: 310 creatures vanquished

Notes
Turn   | Place    | Note
-------+----------+-------------------------------------------
     0 | D:1      | Rrauwl the Hill Orc Monk began the quest for the Orb.
     0 | D:1      | Reached XP level 1. HP: 19/19 MP: 1/1
    97 | D:1      | Reached XP level 2. HP: 25/27 MP: 2/2
   433 | D:1      | Reached skill level 1 in Armour
   620 | D:1      | Reached XP level 3. HP: 19/33 MP: 3/3
  1741 | D:2      | Noticed Terence
  1768 | D:2      | Killed Terence
  1768 | D:2      | Reached XP level 4. HP: 26/40 MP: 4/4
  1985 | D:2      | Reached skill level 5 in Axes
  2006 | D:2      | Reached XP level 5. HP: 42/47 MP: 5/5
  2990 | D:3      | Found a stormy altar of Qazlal.
  3065 | D:3      | Reached skill level 5 in Fighting
  3065 | D:3      | Reached XP level 6. HP: 36/56 MP: 6/6
  3192 | D:3      | Found a glowing golden altar of the Shining One.
  3344 | D:3      | Found a radiant altar of Vehumet.
  3379 | D:3      | Noticed Natasha
  3405 | D:3      | Killed Natasha
  3663 | D:3      | Noticed Natasha
  3682 | D:3      | Killed Natasha
  3682 | D:3      | Reached skill level 6 in Axes
  3960 | D:4      | Found Tiakol's Serpentskin Sales.
  3993 | D:4      | Found Varoext's General Store.
  4009 | D:4      | Reached XP level 7. HP: 47/61 MP: 7/7
  4015 | D:4      | Bought a potion of flight for 39 gold pieces
  4015 | D:4      | Bought a potion of heal wounds for 65 gold pieces
  4015 | D:4      | Bought a +0 war axe for 45 gold pieces
  4304 | D:4      | Reached skill level 7 in Axes
  4721 | D:4      | Found Qepsies's Assorted Antiques.
  4959 | D:5      | Entered Level 5 of the Dungeon
  5040 | D:5      | Found a shattered altar of Ashenzari.
  5062 | D:5      | Reached skill level 5 in Armour
  5091 | D:5      | Reached skill level 1 in Evocations
  5123 | D:5      | Reached skill level 8 in Axes
  5128 | D:5      | Reached XP level 8. HP: 47/68 MP: 7/9
  5258 | D:5      | Found a runed door.
  5274 | D:5      | Noticed Crazy Yiuf
  5277 | D:5      | Killed Crazy Yiuf
  5601 | D:5      | Reached skill level 1 in Bows
  5614 | D:5      | Reached skill level 9 in Axes
  6089 | D:6      | Reached skill level 10 in Axes
  6162 | D:6      | Reached XP level 9. HP: 61/74 MP: 11/11
  6258 | D:6      | Reached skill level 11 in Axes
  6312 | D:6      | Found a basalt altar of Yredelemnul.
  6970 | D:7      | Found a blossoming altar of Fedhas.
  6987 | D:7      | Reached skill level 12 in Axes
  7424 | D:7      | Found a sparkling altar of Nemelex Xobeh.
  7432 | D:7      | Became a worshipper of Nemelex Xobeh the Trickster
  7432 | D:7      | Received a gift from Nemelex Xobeh
  7432 | D:7      | Received a gift from Nemelex Xobeh
  7432 | D:7      | Reached * piety under Nemelex Xobeh
  7432 | D:7      | Reached ** piety under Nemelex Xobeh
  7500 | D:7      | Found a staircase to the Ecumenical Temple.
  7506 | Temple   | Entered the Ecumenical Temple
  7834 | D:8      | Noticed a hornet
  7834 | D:8      | Noticed a hornet
  7907 | D:8      | Reached skill level 1 in Invocations
  7939 | D:8      | Noticed a skeletal warrior
  7968 | D:8      | Killed a skeletal warrior
  7974 | D:8      | Reached skill level 13 in Axes
  7977 | D:8      | Got a smoking brass ring
  8248 | D:8      | Noticed a manticore
  8248 | D:8      | Noticed a skeletal warrior
  8257 | D:8      | Noticed a skeletal warrior
  8290 | D:8      | Killed a skeletal warrior
  8290 | D:8      | Reached XP level 10. HP: 83/83 MP: 11/13
  8364 | D:8      | Killed a skeletal warrior
  8364 | D:8      | Reached skill level 5 in Invocations
  8395 | D:8      | Noticed a skeletal warrior
  8395 | D:8      | Noticed a skeletal warrior
  8428 | D:8      | Killed a skeletal warrior
  8449 | D:8      | Killed a skeletal warrior
  8481 | D:8      | Reached skill level 14 in Axes
  8522 | D:8      | Killed a manticore
  8523 | D:8      | Noticed a two-headed ogre
  8534 | D:8      | Killed an unseen horror
  8538 | D:8      | Killed a two-headed ogre
  8547 | D:8      | Reached skill level 15 in Axes
  8552 | D:8      | Found the +27 Lear's hauberk
  8552 | D:8      | Got a scorched large shield
  8558 | D:8      | Identified the +1 large shield of Divine Intervention {rC+ SInv} (You found it on level 8 of the Dungeon)
  8905 | D:8      | Noticed a deep elf mage
  8922 | D:8      | Killed a deep elf mage
  8932 | D:8      | Identified the Papyrus of Scorching Sinister Magic
  8945 | D:8      | Received a gift from Nemelex Xobeh
  9165 | D:8      | Noticed a cyclops
  9181 | D:8      | Killed a cyclops
  9181 | D:8      | Reached XP level 11. HP: 72/89 MP: 15/15
  9334 | D:8      | Reached skill level 16 in Axes
  9479 | D:8      | Identified the ring "Ohac" {Wiz *Slow Dex+9} (You took it off a crimson imp on level 8 of the Dungeon)
 10209 | D:9      | Found Zomm's Assorted Antiques.
 10659 | D:9      | Reached skill level 17 in Axes
 10698 | D:9      | Found a staircase to the Lair.
 11040 | D:9      | Received a gift from Nemelex Xobeh
 11046 | D:9      | Bought a scroll labeled UHUZESSUQUA for 19 gold pieces
 11124 | D:9      | Found an ancient bone altar of Kikubaaqudgha.
 11507 | Lair:1   | Entered Level 1 of the Lair of Beasts
 11990 | Lair:1   | Reached *** piety under Nemelex Xobeh
 12008 | Lair:1   | Reached skill level 18 in Axes
 12029 | Lair:1   | Received a gift from Nemelex Xobeh
 13690 | Lair:2   | Received a gift from Nemelex Xobeh
 13904 | Lair:2   | Reached XP level 12. HP: 55/100 MP: 17/17
 13918 | Lair:2   | Slain by a spiny frog

Vault maps used:
D:1:      dpeg_arrival_leaves_temple_mockup
D:2:      first_ration, uniq_terence
D:3:      lemuel_crystal_altar, vehumet_crystals,
          nicolae_overflow_hidden_temple, uniq_natasha
D:4:      serial_shops, shop, nicolae_shop_stone, guppyfry_shop_venom
D:5:      lemuel_crystal_altar, uniq_crazy_yiuf_cottage
D:6:      yredelemnul_altar_generic
D:7:      nemelex_altar_shiori, old_standard_altar, temple_green
D:8:      minmay_the_grid_square_5x5_3x3, hangedman_pestilent_swarm
D:9:      corexii_shack_village, old_standard_altar, david_lair_shrubbed,
          serial_shops, shop, nrook_mini_backslash
Temple:   eino_narrow_crystal_temple

Skill      XL: |  1  2  3  4  5  6  7  8  9 10 11 |
---------------+----------------------------------+-----
Armour         | 1 2 3 4 5 6 |  6.8
Fighting       | 4 5 6 7 |  7.0
Stealth        | 2 |  2.0
Dodging        | 3 |  3.6
Axes           | 5 6 8 10 13 15 18 | 18.0
Evocations     | 2 3 |  3.9
Bows           | 3 |  3.7
Invocations    | 4 6 7 |  7.0

Action                   |  1- 3 |  4- 6 |  7- 9 | 10-12 || total
-------------------------+-------+-------+-------+-------++-------
Melee: Hand axe          |   152 |   326 |       |       ||   478
       War axe           |       |       |   138 |   382 ||   520
 Fire: Shortbow          |       |       |   217 |    26 ||   243
Evoke: Wand              |       |       |     9 |     7 ||    16
       Deck              |       |       |     2 |    23 ||    25
  Use: Scroll            |     3 |     4 |     3 |     8 ||    18
       Potion            |     2 |     4 |     3 |     3 ||    12
 Stab: Sleeping          |     5 |       |       |       ||     5
       Invisible         |     4 |       |       |       ||     4
       Distracted        |       |       |       |     7 ||     7
       Confused          |       |       |       |     3 ||     3
  Eat: Chunk             |     3 |     7 |    10 |     8 ||    28
       Ration            |       |       |     1 |     4 ||     5
Armor: Robe              |    15 |       |       |       ||    15
       Scale mail        |       |   135 |   108 |   106 ||   349
Dodge: Dodged            |   101 |   163 |   109 |    63 ||   436
       Deflected         |       |     3 |     2 |       ||     5
Block: Large shield      |       |       |       |   205 ||   205

Table legend:
 A = Spawn XP
 B = Non-spawn XP
 C = Spawn XP percentage of total XP
 D = Spawn monster count
 E = Non-spawn monster count
 F = Spawn count percentage of total count
 G = Total turns spent on level
                    A         B        C        D         E        F      G
               +---------+---------+-------+---------+---------+-------+---------
         Total |       0 |   18606 |   0.0 |       0 |     302 |   0.0 | 13918
               +---------+---------+-------+---------+---------+-------+---------
           D:1 |       0 |      43 |   0.0 |       0 |      25 |   0.0 |  1096
           D:2 |       0 |     180 |   0.0 |       0 |      30 |   0.0 |  1537
           D:3 |       0 |     209 |   0.0 |       0 |      32 |   0.0 |  1101
           D:4 |       0 |     343 |   0.0 |       0 |      19 |   0.0 |  1225
           D:5 |       0 |     823 |   0.0 |       0 |      35 |   0.0 |   754
           D:6 |       0 |    1083 |   0.0 |       0 |      30 |   0.0 |   927
           D:7 |       0 |    1094 |   0.0 |       0 |      17 |   0.0 |   946
           D:8 |       0 |    7326 |   0.0 |       0 |      42 |   0.0 |  2598
           D:9 |       0 |    2881 |   0.0 |       0 |      44 |   0.0 |  1161
        Lair:1 |       0 |    1699 |   0.0 |       0 |       8 |   0.0 |  1366
        Lair:2 |       0 |    2925 |   0.0 |       0 |      20 |   0.0 |  1045
               +---------+---------+-------+---------+---------+-------+---------
